 Dungeon Crawl Stone Soup version 0.14-a0-2080-ge317583 (webtiles) character file.

215 Piginabag the Skirmisher (level 5, -7/38 HPs)
             Began as a Formicid Chaos Knight on Jan 25, 2014.
             Was a Plaything of Xom.
             Mangled by a giant slug (20 damage)
             ... in a sewer.
             The game lasted 00:04:16 (2222 turns).

Piginabag the Skirmisher (Formicid Chaos Knight)    Turns: 2222, Time: 00:04:17

HP  -7/38        AC  2     Str 18      XL: 5   Next: 55%
MP   5/5         EV 18     Int 11      God: Xom
Gold 92          SH  0     Dex 15      Spells:  0 memorised,  4 levels left

rFire  . . .     SeeInvis .     a - melded +0 spear (chaos)
rCold  . . .     Clarity  .     b - melded +2 leather armour
rNeg   . . .     Conserve .     (shield currently unavailable)
rPois  x         rCorr    .     (helmet unavailable)
rElec  .         rRot     .     (cloak currently unavailable)
SustAb . .       Spirit   .     (gloves currently unavailable)
rMut   .         Warding  .     (boots currently unavailable)
Saprov . . .     Stasis   +     (no amulet)
MR     .....                    (no ring)
                                (no ring)

@: spider-form, confused, quick, not resistant to hostile enchantments, very
unstealthy
A: permanent stasis, dig shafts and tunnels, four strong arms, poison weakness,
(antennae 0), (exoskeleton 0)
a: Dig, Shaft Self, Renounce Religion


You were in a sewer.
You worshipped Xom.
You were a beloved toy of Xom.
You were hungry.
You were in spider-form.
You visited 1 branch of the dungeon, and saw 3 of its levels.
You also visited: Sewer.

You collected 92 gold pieces.

Inventory:

Hand weapons
 a - a +0,+0 spear of chaos (melded)
Armour
 b - a +2 leather armour (melded)
Magical devices
 o - a wand of random effects (0)
 t - a wand of random effects (15)
Comestibles
 c - a bread ration
 h - a choko
 r - a royal jelly
Scrolls
 d - 2 scrolls of remove curse {unknown}
 f - 2 scrolls of curse armour {unknown}
 i - 3 scrolls of random uselessness {unknown}
 j - 5 scrolls of identify {unknown}
 k - 3 scrolls of immolation {unknown}
 m - a scroll of teleportation {unknown}
 p - a scroll of curse jewellery {unknown}
 u - a scroll of enchant weapon III {unknown}
Potions
 e - a potion of invisibility {unknown}
 g - 2 potions of might {unknown}
 l - a potion of resistance {unknown}
 n - 3 potions of mutation {unknown}
 q - a potion of curing {unknown}
 s - a potion of blood


   Skills:
 + Level 4.4 Fighting
 + Level 4.4 Polearms
 - Level 2.4 Armour
 - Level 0.8 Dodging


You had 4 spell levels left.
You didn't know any spells.

Dungeon Overview and Level Annotations

Branches:
Dungeon (3/16)

Altars:
Xom


Innate Abilities, Weirdness & Mutations

Your are under a permanent stasis effect.
You can dig through walls and to a lower floor.
Your four strong arms can wield any weapon, most with a shield.
((You are susceptible to poison.))*
((You have a pair of large antennae on your head (SInv).))*
((Your body is surrounded by an exoskeleton. (AC +1)))*


Message History

You reach to attack!
You hit the giant slug. You freeze the giant slug.
The giant slug is moderately wounded.
You hit the giant slug.
The giant slug is moderately wounded. "Heh heh heh..."
You are confused.
The giant slug looks more healthy.
You enter the shallow water.
Moving in this stuff is going to be slow.
The giant slug seems less confused.
The giant slug bites you. The giant slug bites you!
Ouch! Xom plays with reality for a moment.
You turn into a venomous arachnid creature.
Your +0,+0 spear of chaos melds into your body.
Your +2 leather armour melds into your body.
The giant slug bites you!
Ouch! That really hurt!
You die...
Xom giggles madly!

######## #≈ ####
###.≈..≈.### ##≈
#..####..........###
#.≈
#.≈##.....####≈≈.≈.###
#.≈ ###....≈###
###≈....###.≈
#.≈....## ##≈.....≈.%
###.≈≈.≈###
###≈..≈.###.≈
#}≈##≈..≈≈####.≈...###
#.≈ #()
###..s≈.≈≈≈..### #.≈
### ###.j....### ##≈
######## #≈ #≈ ##


You could see a giant slug.

Vanquished Creatures
  An orc wizard (D:3)
  3 adders (D:2)
  2 giant centipedes (D:3)
  2 worms
  A giant gecko (D:2)
  An orc (D:3)
  A giant cockroach (D:2)
  A ball python (D:2)
  7 bats
  6 goblins
  6 hobgoblins
  5 jackals
  5 kobolds
  4 rats
  2 butterflies (D:2)
47 creatures vanquished.

Notes
Turn   | Place    | Note
--------------------------------------------------------------
     0 | D:1      | Piginabag, the Formicid Chaos Knight, began the quest for the Orb.
     0 | D:1      | Reached XP level 1. HP: 16/16 MP: 1/1
    66 | D:1      | XOM: harmless Erth miscast
    67 | D:1      | Reached XP level 2. HP: 6/21 MP: 2/2
   395 | D:1      | You fall through a shaft!
   403 | D:2      | XOM: divination: detect creatures
   457 | D:2      | Reached XP level 3. HP: 18/27 MP: 3/3
   479 | D:2      | XOM: divination: magic mapping
   515 | D:2      | XOM: divination: detect items
   677 | D:2      | XOM: potion effect (agility)
   679 | D:2      | Reached XP level 4. HP: 25/33 MP: 4/4
   976 | D:2      | Reached skill level 4 in Fighting
  1249 | D:2      | XOM: confuse monster(s)
  1271 | D:2      | Found a shimmering altar of Xom.
  1523 | D:2      | XOM: polymorph orc -> ball python
  1541 | D:3      | XOM: potion effect (might)
  1545 | D:3      | Reached XP level 5. HP: 23/37 MP: 5/5
  1876 | D:3      | Found a glowing drain.
  1898 | Sewer    | Entered a sewer
  2115 | Sewer    | Noticed a giant slug
  2125 | Sewer    | XOM: inner flame monster(s)
  2149 | Sewer    | XOM: enchant monster (good)
  2208 | Sewer    | XOM: confusion
  2222 | Sewer    | XOM: cast spell 'Spider Form'
  2222 | Sewer    | Mangled by a giant slug

Action                   |  1- 3 |  4- 6 || total
-------------------------+-------+-------++-------
Melee: Spear             |    83 |   166 ||   249
Evoke: Wand              |       |     5 ||     5
 Stab: Paralysed         |       |     1 ||     1
